 Dungeon Crawl Stone Soup version 0.19.1-28-ge1247f7 (webtiles) character file.

26887 TuxedoFelix the Fencer (level 13, -2/119 HPs)
             Began as a Minotaur Fighter on Jan 20, 2017.
             Was a Priest of the Shining One.
             Slain by an alligator (6 damage)
             ... on level 5 of the Lair of Beasts on Jan 21, 2017.
             The game lasted 01:59:55 (17360 turns).

TuxedoFelix the Fencer (Minotaur Fighter)          Turns: 17360, Time: 01:59:56

Health: -2/119     AC: 16    Str: 31    XL:     13   Next: 1%
Magic:  9/12       EV:  8    Int:  5    God:    the Shining One [***...]
Gold:   744        SH: 17    Dex: 10    Spells: 0 memorised, 12 levels left

rFire  . . .     SeeInvis .     n - +3 scimitar (flame)
rCold  . . .     Gourm    .     y - +0 plate armour
rNeg   + . .     Faith    +     c - +0 shield
rPois  .         Spirit   .     o - +0 hat
rElec  .         Reflect  .     (no cloak)
rCorr  .         Harm     .     (no gloves)
MR     +....                    (no boots)
Stlth  ..........               x - amulet of faith
                                J - +3 ring of slaying
                                e - ring of protection from magic

@: mighty, divine shield, glowing
A: retaliatory headbutt, horns 2, wild magic 1
a: Divine Shield, Renounce Religion


You were on level 5 of the Lair of Beasts.
You worshipped the Shining One.
The Shining One was most pleased with you.
You were not hungry.

You visited 2 branches of the dungeon, and saw 13 of its levels.

You collected 744 gold pieces.

Inventory:

Hand Weapons
 n - a +3 scimitar of flaming (weapon)
 F - a +4 long sword of freezing
Missiles
 r - 25 tomahawks (quivered)
Armour
 c - a +0 shield (worn)
 o - a +0 hat (worn)
 y - a +0 plate armour (worn)
 V - a +0 plate armour
Magical Staves
 M - an uncursed staff of power {unknown}
Jewellery
 e - a ring of protection from magic (left hand)
 x - an amulet of faith (around neck)
 A - an uncursed ring of wizardry
 B - an uncursed amulet of the gourmand
 J - a +3 ring of slaying (right hand)
 O - a +4 ring of slaying
 T - an uncursed amulet of magic regeneration
Wands
 g - a wand of heal wounds (0/9)
 l - a wand of lightning (13/15)
 G - a wand of paralysis (9/24)
 L - a wand of acid (5/15)
 P - a wand of paralysis (18/24)
 R - a wand of slowing (25/48)
Scrolls
 a - a scroll of enchant armour {unknown}
 d - a scroll of teleportation
 h - 8 scrolls of remove curse
 m - 3 scrolls of fog
 t - a scroll of fear {unknown}
 v - a scroll of amnesia {unknown}
 w - a scroll of immolation {unknown}
 H - 2 scrolls of magic mapping
 I - a scroll of vulnerability {unknown}
 U - a scroll of blinking {unknown}
Potions
 b - 3 potions of mutation
 i - 2 potions of lignification
 q - 2 potions of flight
 s - a potion of haste
 C - a potion of magic
 D - a potion of agility
 E - a potion of cancellation
 N - a potion of curing
 S - a potion of cure mutation
Books
 Q - a Fen Folio

   Spells                             Type                      Level
   a - Corpse Rot                     Necromancy                   2
   b - Stone Arrow                    Conjuration/Earth            3
   c - Leda's Liquefaction            Hexes/Earth                  4
   d - Summon Forest                  Summoning/Translocation      5
   e - Hydra Form                     Transmutation                6
   f - Summon Hydra                   Summoning                    7
Comestibles
 f - 8 bread rations
 j - 3 beef jerkies
 k - 15 royal jellies
 p - 5 meat rations
 u - 16 fruits
 z - 8 slices of pizza


   Skills:
 + Level 12.6 Fighting
 * Level 16.9 Long Blades
 - Level 1.5 Throwing
 + Level 13.4 Armour
 - Level 2.5 Dodging
 - Level 0.8 Stealth
 - Level 6.9 Shields
 - Level 0.3 Evocations


You had 12 spell levels left.
You didn't know any spells.

Dungeon Overview and Level Annotations

Branches:
Dungeon (8/15)             Temple (0/1) D:5            Lair (5/6) D:8
  Swamp (0/4) Lair:2        Snake (0/4) Lair:4
  Slime: Lair:5-6

Altars:
Ashenzari
Cheibriados
Elyvilon
Gozag
Ru
Vehumet
Xom
The Shining One


Innate Abilities, Weirdness & Mutations

You reflexively headbutt those who attack you in melee.
You have a pair of horns on your head.
Your spells are a little harder to cast, but a little more powerful.


Message History

You kill the slime creature!
You have reached level 13!
You block the crocodile's attack. The alligator bites you!!
The Shining One protects you from harm! You block the alligator's attack.
You block the swamp worm's attack.
You slash the swamp worm! You burn the swamp worm.
You kill the swamp worm!
You block the alligator's attack. The alligator barely misses you.
The crocodile bites you!
* * * LOW HITPOINT WARNING * * *
You hit the alligator. You burn the alligator. You headbutt the alligator!
The alligator is heavily wounded.
The alligator barely misses you. You furiously retaliate!
You headbutt the alligator! You block the alligator's attack.
You hit the alligator. You burn the alligator.
The alligator is severely wounded.
The crocodile bites you.
* * * LOW HITPOINT WARNING * * *
The alligator bites you.
You die...

......≈≈≈≈≈≈≈.≈≈#.≈≈≈≈≈#
#(....≈≈..≈≈≈≈.≈.≈≈#≈≈≈#
......≈P.P.≈≈≈.≈.≈≈≈##≈#
P.P...#.≈P≈≈≈≈..≈≈≈≈≈≈##
#.....≈.≈≈.≈.≈.≈≈≈≈#≈≈≈≈
......≈≈≈≈≈≈.≈.P≈≈≈≈≈≈≈≈
.....##≈≈###≈≈≈≈≈#≈≈≈#≈≈
..#.#.#≈##≈≈≈≈.†.≈#≈≈≈#≈
.<...##≈≈#≈...≈.@≈≈≈≈#≈#
.....## ##≈≈.≈≈t†t≈≈≈..≈
......# #≈.≈≈≈≈≈.≈....#
#P...## #≈.≈≈≈≈P#.≈≈P#≈
÷....# #..≈≈≈≈≈P≈P≈≈≈≈
.....# #≈.P##≈#≈≈≈#≈≈≈≈
.....# $≈≈≈ ≈≈≈≈≈≈≈#≈≈#
#)....# !≈≈ ≈≈≈##≈≈≈ ≈≈≈
......#


You could see an alligator and a crocodile.

Vanquished Creatures
  4 hydras
  Erica (D:8)
  A swamp dragon (Lair:5)
  3 elephants
  4 black mambas
  Maurice (D:8)
  Psyche (D:8)
  7 spiny frogs
  6 komodo dragons
  A rime drake (Lair:5)
  A queen bee (Lair:2)
  The ghost of TuxedoFelix the Slasher, an amateur MiFi (D:3)
  Grinder (D:5)
  3 blink frogs (Lair:4)
  Prince Ribbit (D:5)
  2 slime creatures (Lair:5)
  3 hippogriffs
  3 wyverns
  Sigmund (D:3)
  2 basilisks
  31 yaks
  A human (D:7)
  2 hogs (D:7)
  4 insubstantial wisps (Lair:2)
  2 nagas (Lair:4)
  4 swamp worms (Lair:5)
  3 porcupines
  The ghost of Squonk the Firebug, an amateur DEFE of Sif Muna (D:4)
  7 water moccasins
  A hornet zombie (D:8)
  A sky beast (D:8)
  2 ice beasts (D:5)
  2 orc warriors
  A black bear (D:7)
  6 wolves (Lair:3)
  2 necrophages (D:8)
  An ogre (D:6)
  2 centaurs
  5 crocodiles
  A big kobold (D:7)
  11 bullfrogs
  A wyvern zombie (D:7)
  3 scorpions
  A water moccasin zombie (D:8)
  34 killer bees
  5 wights (D:6)
  A howler monkey (D:7)
  2 bullfrog zombies
  3 crimson imps
  A jelly (D:7)
  2 centaur zombies (D:7)
  6 hounds
  Crazy Yiuf (D:3)
  7 orc priests
  2 bullfrog skeletons
  8 worker ants
  4 orc wizards
  2 iguanas (D:8)
  A worker ant zombie (D:7)
  A gnoll (D:5)
  13 adders
  An ooze (D:7)
  An adder skeleton (D:8)
  3 adder zombies
  5 worms
  A leopard gecko (D:6)
  32 orcs
  8 bats
  6 giant cockroaches
  3 goblins
  8 hobgoblins
  14 jackals
  6 kobolds
  2 quokkas
  4 frilled lizards
  A goblin skeleton (D:5)
  A hobgoblin zombie (D:5)
  A kobold skeleton (D:5)
  3 kobold zombies (D:5)
  4 orc skeletons (D:5)
  4 orc zombies (D:5)
  A quokka skeleton (D:6)
  A quokka zombie (D:7)
  6 rats
351 creatures vanquished.

Vanquished Creatures (others)
  A water moccasin (Lair:3)
  An orc (D:8)
  4 fungi
  A plant (Lair:2)
7 creatures vanquished.

Grand Total: 358 creatures vanquished

Notes
Turn   | Place    | Note
-------+----------+-------------------------------------------
     0 | D:1      | TuxedoFelix the Minotaur Fighter began the quest for the Orb.
     0 | D:1      | Reached XP level 1. HP: 19/19 MP: 0/0
   139 | D:1      | Found a shattered altar of Ashenzari.
   166 | D:1      | Reached XP level 2. HP: 27/27 MP: 1/1
  1556 | D:3      | Found a radiant altar of Vehumet.
  1556 | D:3      | Found a white marble altar of Elyvilon.
  1559 | D:3      | Reached XP level 3. HP: 33/33 MP: 2/2
  1576 | D:3      | Reached skill level 3 in Long Blades
  1631 | D:3      | Reached XP level 4. HP: 35/40 MP: 3/3
  1911 | D:3      | Found a runed door.
  1915 | D:3      | Noticed Crazy Yiuf
  1925 | D:3      | Killed Crazy Yiuf
  1925 | D:3      | Reached skill level 4 in Long Blades
  1925 | D:3      | Reached XP level 5. HP: 22/46 MP: 4/4
  2368 | D:3      | Noticed TuxedoFelix's ghost (amateur MiFi)
  2382 | D:3      | Killed TuxedoFelix's ghost
  2382 | D:3      | Reached skill level 5 in Long Blades
  2382 | D:3      | Reached skill level 5 in Armour
  2382 | D:3      | Reached skill level 1 in Dodging
  2382 | D:3      | Reached skill level 5 in Shields
  2382 | D:3      | Reached XP level 6. HP: 27/55 MP: 5/5
  2646 | D:3      | Noticed Sigmund
  2690 | D:3      | Killed Sigmund
  2690 | D:3      | Reached skill level 5 in Fighting
  2690 | D:3      | Reached XP level 7. HP: 16/61 MP: 6/6
  3483 | D:4      | Found an opulent altar of Gozag.
  3668 | D:4      | Noticed Squonk's ghost (amateur DEFE)
  3686 | D:4      | Killed Squonk's ghost
  3686 | D:4      | Reached skill level 6 in Long Blades
  4356 | D:5      | Entered Level 5 of the Dungeon
  4386 | D:5      | Got a jewelled dagger
  4404 | D:5      | Found a staircase to the Ecumenical Temple.
  4570 | D:5      | Found a sacrificial altar of Ru.
  4576 | D:5      | Noticed Grinder
  4590 | D:5      | Killed Grinder
  4866 | D:5      | Noticed Prince Ribbit
  4897 | D:5      | Killed Prince Ribbit
  4897 | D:5      | Reached skill level 7 in Long Blades
  4897 | D:5      | Reached XP level 8. HP: 53/70 MP: 7/7
  5333 | D:5      | Found a glowing golden altar of the Shining One.
  5436 | D:5      | Became a worshipper of the Shining One
  5692 | D:5      | Reached skill level 1 in Throwing
  5800 | D:6      | Reached skill level 8 in Long Blades
  6323 | D:6      | Reached * piety under the Shining One
  6390 | D:6      | Reached XP level 9. HP: 48/77 MP: 8/8
  6604 | D:6      | Reached skill level 9 in Long Blades
  6953 | D:7      | Found a shimmering altar of Xom.
  7007 | D:7      | Gained mutation: You possess an exceptional clarity of mind. [potion of beneficial mutation]
  7293 | D:7      | Reached skill level 10 in Long Blades
  7734 | D:7      | The Shining One protects you from harm!
  7777 | D:7      | Lost mutation: You possess an exceptional clarity of mind. [potion of cure mutation]
  7782 | D:7      | Reached ** piety under the Shining One
  8056 | D:7      | Reached skill level 11 in Long Blades
  8160 | D:7      | Reached XP level 10. HP: 84/88 MP: 9/9
  8630 | D:8      | Noticed Erica
  8647 | D:8      | Killed Erica
  8974 | D:8      | Reached *** piety under the Shining One
  9011 | D:8      | Noticed Psyche
  9015 | D:8      | Gained mutation: Your spells are a little harder to cast, but a little more powerful. [potion of beneficial mutation]
  9020 | D:8      | Killed Psyche
  9020 | D:8      | Reached skill level 12 in Long Blades
  9020 | D:8      | Reached skill level 10 in Armour
  9217 | D:8      | Found a staircase to the Lair.
  9380 | D:8      | Noticed Maurice
  9389 | D:8      | Killed Maurice
  9507 | D:8      | Noticed an elephant
  9526 | D:8      | Killed an elephant
  9772 | D:8      | Found a snail-covered altar of Cheibriados.
  9818 | D:8      | Reached skill level 13 in Long Blades
 10380 | Lair:1   | Entered Level 1 of the Lair of Beasts
 10381 | Lair:1   | Upgraded the game from 0.19.1-1-g22dce08 to 0.19.1-28-ge1247f7
 10440 | Lair:1   | Reached XP level 11. HP: 92/99 MP: 10/10
 10931 | Lair:1   | Reached skill level 10 in Fighting
 10996 | Lair:1   | Noticed a six-headed hydra
 11007 | Lair:1   | Killed a four-headed hydra
 11195 | Lair:1   | Reached skill level 14 in Long Blades
 12448 | Lair:2   | Found a staircase to the Swamp.
 12830 | Lair:2   | Reached **** piety under the Shining One
 13583 | Lair:2   | Reached skill level 15 in Long Blades
 13592 | Lair:2   | Reached XP level 12. HP: 93/110 MP: 11/11
 14750 | Lair:3   | Noticed an eight-headed hydra
 14762 | Lair:3   | Killed a three-headed hydra
 15600 | Lair:4   | Noticed an eight-headed hydra
 15605 | Lair:4   | Killed a six-headed hydra
 15677 | Lair:4   | Found a staircase to the Snake Pit.
 15686 | Lair:4   | Reached skill level 16 in Long Blades
 17342 | Lair:5   | Noticed an alligator
 17343 | Lair:5   | Noticed a six-headed hydra
 17353 | Lair:5   | Killed a three-headed hydra
 17357 | Lair:5   | Reached XP level 13. HP: 15/119 MP: 9/12
 17357 | Lair:5   | The Shining One protects you from harm!
 17360 | Lair:5   | HP: 4/119 [crocodile (4)]
 17360 | Lair:5   | Slain by an alligator

Skill      XL: |  1  2  3  4  5  6  7  8  9 10 11 12 |
---------------+-------------------------------------+-----
Armour         | 4 5 6 7 9 10 12 13 | 13.4
Shields        | 4 5 6 |  6.9
Fighting       | 4 5 6 8 9 11 12 | 12.6
Long Blades    | 3 4 5 7 8 11 13 15 16 | 16.9
Dodging        | 1 2 |  2.5
Throwing       | 1 |  1.5
Stealth        | |  0.8
Evocations     | |  0.3

Action                   |  1- 3 |  4- 6 |  7- 9 | 10-12 | 13-15 || total
-------------------------+-------+-------+-------+-------+-------++-------
Melee: Long sword        |    79 |    75 |   291 |   362 |       ||   807
       Headbutt          |    14 |    13 |    53 |   124 |     1 ||   205
       Scimitar          |       |       |       |   216 |     3 ||   219
Throw: Tomahawk          |       |     5 |    25 |    16 |       ||    46
Invok: Divine Shield     |       |       |       |     6 |       ||     6
Evoke: Wand              |       |       |     7 |     3 |       ||    10
  Use: Potion            |       |     4 |     7 |     5 |       ||    16
       Scroll            |       |     6 |    15 |     7 |       ||    28
  Eat: Chunk             |     1 |     4 |    21 |     5 |       ||    31
       Bread ration      |       |     1 |     1 |     3 |       ||     5
       Meat ration       |       |       |       |     1 |       ||     1
       Royal jelly       |       |       |       |     1 |       ||     1
       Pizza             |       |       |       |     1 |       ||     1
       Beef jerky        |       |       |       |     1 |       ||     1
Armor: Scale mail        |    46 |    22 |    68 |       |       ||   136
       Plate armour      |       |       |     1 |   215 |       ||   216
Dodge: Dodged            |    41 |    16 |    81 |   137 |     2 ||   277
Block: Shield            |    40 |    31 |   133 |   320 |     5 ||   529
       Rpst.: Long sword |     9 |     6 |    25 |    17 |       ||    57
       Scimitar          |       |       |       |    16 |       ||    16
